[Event "Late-Titled-Tuesday-Blitz-January-23-2024"]
[Site "Chess.com"]
[Date "2024.01.23"]
[Round "10"]
[White "rionelG"]
[Black "mfwagnerpeixoto"]
[Result "0-1"]
[WhiteElo "2251"]
[BlackElo "2318"]
[TimeControl "180+1"]
[EndTime "15:52:45 PST"]
[Termination "mfwagnerpeixoto won on time"]

1. e4 c6 2. d4 d5 3. e5 Bf5 4. Nf3 e6 5. Be2 h6 6. O-O Nd7 7. Nbd2 Bh7 8. a4 a5 9. Nb3 g5 10. Bd2 Ne7 11. Rc1 Nf5 12. c4 dxc4 13. Bxc4 Be7 14.
Bc3 Qb6 15. Qd2 g4 16. Ne1 Bg5 17. Qe2 Bxc1 18. Nxc1 Nxd4 19. Qxg4 Nf5 20. Nb3 Rg8 21. Qh3 Qc7 22. Nd3 h5 23. Nf4 Nxe5 24. Bxe6 fxe6 25. Nxe6 Qf7 26. Nc7+ Qxc7 27. Bxe5 Qxe5 28. Qxh5+ Bg6 29.
Qd1 Rd8 30. Qc1 Kf7 31. Qc4+ Qe6 32. Qc3 Rh8 33. Re1 Qd6 34. g3 Nd4 35. Qc4+ Qd5 36. Qc5 Nf3+ 37. Kf1 Qxc5 38. Nxc5 Nxe1 0-1

[Event "Late-Titled-Tuesday-Blitz-January-23-2024"]
[Site "Chess.com"]
[Date "2024.01.23"]
[Round "10"]
[White "OPQRC"]
[Black "pr1105"]
[Result "0-1"]
[WhiteElo "2534"]
[BlackElo "2356"]
[TimeControl "180+1"]
[EndTime "15:52:48 PST"]
[Termination "pr1105 won on time"]

1. e4 e5 2. Nf3 Nc6 3. d4 exd4 4. Nxd4 Nf6 5. Nc3 Bb4 6. Nxc6 bxc6 7. Bd3 O-O 8. O-O d5 9. exd5 Bg4 10. Be2 Bxe2 11. Nxe2 cxd5 12. c3 Bd6 13. Bg5 Bxh2+ 14. Kxh2 Ng4+ 15.
Kg1 Qxg5 16. Qd4 Rae8 17. Rfe1 Re4 18. Qxa7 Qh4 19. Ng3 Qh2+ 20. Kf1 Rf4 21. Ke2 Qxg2 22. Rf1 Re8+ 23. Kd2 Nxf2 24. Kc2 Ne4+ 25. Kb3 Nd2+ 26. Ka3 Nc4+ 27. Kb4 Qxb2+ 28. Kc5 Rxf1 29. Rxf1 Qxc3 30. Ne2 Qe3+ 31. Nd4 g6 32. Qxc7 Ne5 33. Kxd5 h5 34. a4 h4 35. a5 h3 36. a6 h2 37. a7 Qd3 38. Re1 h1=Q+ 39. Rxh1 Nf3 40. a8=Q Qxd4+ 41. Kc6 Rxa8 42. Rc1 Qe4+ 43. Kb6 Re8 44. Qc6 Nd4 0-1

[Event "Late-Titled-Tuesday-Blitz-January-23-2024"]
[Site "Chess.com"]
[Date "2024.01.23"]
[Round "10"]
[White "mightysmasher"]
[Black "Mikhal867"]
[Result "1-0"]
[WhiteElo "2577"]
[BlackElo "2425"]
[TimeControl "180+1"]
[EndTime "15:52:48 PST"]
[Termination "mightysmasher won by resignation"]

1. e4 g6 2. d4 Bg7 3. Nf3 d6 4. Nc3 a6 5. Be2 Nd7 6. O-O b5 7. Ng5 h6 8. Nf3 Bb7 9. d5 Ngf6 10. a3 c6 11. dxc6 Bxc6 12. Nd4 Bb7 13. f3 O-O 14.
Be3 Nb6 15. Qd2 Kh7 16. Kh1 e5 17. Nb3 Nc4 18. Bxc4 bxc4 19. Nc1 d5 20. exd5 Nxd5 21. Nxd5 Qxd5 22. Qxd5 Bxd5 23. Ne2 e4 24. Nc3 Bxc3 25. bxc3 exf3 26. gxf3 Rfe8 27. Bd4 Re2 28. Kg1 Rae8 29. Rf2 g5 30. Kf1 R2e6 31. Rd1 Kg6 32. Bc5 Ba8 33.
Rd6 Rxd6 34. Bxd6 Rd8 35. Bc5 Rd1+ 36. Kg2 g4 37. Kg3 Bxf3 38. Bd4 Kf5 39. h3 h5 40.
hxg4+ hxg4 41. Rh2 Ke4 42. Rh8 Rd2 43. Re8+ Kf5 44. Re5+ Kg6 45. Ra5 Rg2+ 46. Kf4 Bb7 47. Rg5+ Kh6 48. Rxg4 Rxc2 49. Rh4+ Kg6 50. Rg4+ Kh5 51.
Rg5+ Kh4 52. Rg7 Kh3 53. Rh7+ Kg2 54. Rxf7 Bd5 55. Rg7+ Kf1 56. Ke5 Bh1 57. Rg1+ Ke2 58. Rxh1 Kd3 59. Rh3+ Ke2 60. Rh2+ Kd1 61. Rxc2 Kxc2 62.
Kd5 Kb3 63. Kc5 a5 64. a4 Kxa4 65. Kxc4 Ka3 66. Kb5 a4 67. c4 Kb3 68. c5 a3 69. c6 a2 70. c7 1-0

[Event "Late-Titled-Tuesday-Blitz-January-23-2024"]
[Site "Chess.com"]
[Date "2024.01.23"]
[Round "10"]
[White "Actuary44"]
[Black "ferdipy"]
[Result "0-1"]
[WhiteElo "2480"]
[BlackElo "2353"]
[TimeControl "180+1"]
[EndTime "15:52:48 PST"]
[Termination "ferdipy won by resignation"]

1. e4 e6 2. d4 d5 3. e5 c5 4. dxc5 Nc6 5. f4 Bxc5 6. Nf3 Nge7 7. Bd3 a6 8. Nc3 b5 9. Qe2 Bd7 10. Bd2 Rc8 11. O-O-O Nd4 12. Nxd4 Bxd4 13. Kb1 b4 14. Bxa6 bxc3 15. Bxc8 cxd2 16. Bxd7+ Qxd7 17. Qxd2 Nc6 18. c3 Bc5 19. f5 Nxe5 20. fxe6 fxe6 21. Rhe1 Bd6 22. Qg5 Qc7 23. Rf1 Rf8 24. Qh5+ g6 25.
Rxf8+ Kxf8 26. Qh3 Qf7 27. g4 Kg7 28. Rf1 Qb7 29. g5 Nc4 30. Rf2 Qe7 31. Rf6 e5 32. b3 Nd2+ 33. Kc2 Ne4 34. Re6 Qxg5 35. Rxd6 Qd2+ 36.
Kb1 Nxc3+ 37. Qxc3 Qxc3 38. Rxd5 e4 39. Rd6 e3 40. Rc6 Qd3+ 41. Kb2 e2 42. Rc1 Qd2+ 43.
Kb1 Qxc1+ 44. Kxc1 e1=Q+ 45. Kc2 Qf2+ 46. Kd3 Qxa2 47.
Kc4 Qxh2 48. b4 Qb8 49. b5 h5 50. b6 h4 51. b7 h3 0-1

[Event "Late-Titled-Tuesday-Blitz-January-23-2024"]
[Site "Chess.com"]
[Date "2024.01.23"]
[Round "10"]
[White "Korchmar_Vasiliy"]
[Black "DanylaBagrov"]
[Result "0-1"]
[WhiteElo "2707"]
[BlackElo "2547"]
[TimeControl "180+1"]
[EndTime "15:52:51 PST"]
[Termination "DanylaBagrov won on time"]

1. e4 d6 2. b3 Nf6 3. Bd3 e5 4. Bb2 Nbd7 5. Ne2 Nc5 6. Bc4 Ncxe4 7. d4 exd4 8. Nxd4 d5 9. Bd3 Bb4+ 10. c3 Bd6 11.
O-O O-O 12. c4 c5 13. Nb5 Bxh2+ 14. Kxh2 Ng4+ 15. Qxg4 Bxg4 16. cxd5 Qxd5 17. Bc4 Qh5+ 18. Kg1 a6 19. N5c3 Ng5 20. Nd2 Rad8 21. Bd5 b5 22. a3 b4 23. axb4 cxb4 24. Ra5 bxc3 25. Bxc3 Nh3+ 26.
gxh3 Rxd5 27. Rxd5 Qxd5 28. hxg4 Qd3 29. Ba5 Qb5 30. Bc7 Rc8 31. Bg3 Qd3 32. Nc4 Qxb3 33. Nd6 Rd8 34. Ra1 Qb6 35. Nf5 Re8 36. Kh2 a5 37.
Rd1 a4 38. Rd6 Qb3 39. Ra6 a3 40. Nd6 Rf8 41. Nf5 h6 42. Be5 Qc4 43. Kg2 Qxa6 0-1

[Event "Late-Titled-Tuesday-Blitz-January-23-2024"]
[Site "Chess.com"]
[Date "2024.01.23"]
[Round "10"]
[White "FontVella8"]
[Black "toninhojit"]
[Result "1-0"]
[WhiteElo "2754"]
[BlackElo "2525"]
[TimeControl "180+1"]
[EndTime "15:52:53 PST"]
[Termination "FontVella8 won on time"]

1. Nf3 c5 2. b3 d5 3. Bb2 Nf6 4.
g3 g6 5. Bg2 Bg7 6. O-O O-O 7.
d3 Nc6 8. Nbd2 Qc7 9. e4 d4 10. a4 e5 11. Nc4 Ne8 12. Nh4 Bf6 13. Bc1 Nd6 14. f4 Nxc4 15. bxc4 exf4 16. Bxf4 Be5 17.
Qd2 Bd7 18. Rf2 f6 19. Raf1 Bxf4 20. Rxf4 Qe5 21. Nf3 Qe7 22. h4 Ne5 23. Nxe5 fxe5 24. Rxf8+ Rxf8 25. Rxf8+ Kxf8 26. Qa5 a6 27. Kh2 Kf7 28.
Kg1 h6 29. Bf3 Bc6 30. Qd2 Kg7 31. a5 Qf6 32. Kg2 g5 33. hxg5 Qxg5 34. Qxg5+ hxg5 35. Bg4 Kf6 36. Bc8 Ke7 37. Kh3 Kd8 38. Bg4 Bd7 39. Bf5 Ba4 40. Kg4 Bxc2 41. Kxg5 Bxd3 42. Kf6 Bxc4 43. Kxe5 d3 44. Bg4 d2 45. Bd1 1-0

[Event "Late-Titled-Tuesday-Blitz-January-23-2024"]
[Site "Chess.com"]
[Date "2024.01.23"]
[Round "10"]
[White "DenLaz"]
[Black "Fandorine"]
[Result "1-0"]
[WhiteElo "3093"]
[BlackElo "2982"]
[TimeControl "180+1"]
[EndTime "15:52:54 PST"]
[Termination "DenLaz won by checkmate"]

1. d4 Nf6 2. c4 g6 3. g3 Bg7 4. Bg2 O-O 5. Nc3 d6 6. Nf3 c5 7.
dxc5 dxc5 8. Qxd8 Rxd8 9. Be3 Nc6 10. Bxc5 Be6 11. Rc1 Bxc4 12. Nd2 Bd5 13. Nxd5 Nxd5 14. Ba3 Rac8 15. Bxd5 Rxd5 16. Nb3 e6 17. O-O h5 18.
Rfd1 Rxd1+ 19. Rxd1 Ne5 20. Bc5 b6 21. Bd4 Rc2 22. Rd2 Rc4 23. Kg2 Ng4 24. h3 Nf6 25.
Kf3 Nd5 26. Bxg7 Kxg7 27. e3 Nf6 28. Nd4 e5 29. Rc2 Rxc2 30. Nxc2 Kf8 31. Nb4 g5 32. Nc6 e4+ 33. Ke2 a5 34. Kd2 Ke8 35. Kc3 Kd7 36. Ne5+ Ke6 37. Kd4 b5 38. Nc6 a4 39. Nb4 Kf5 40.
Nc6 Nd7 41. Ne7+ Ke6 42. Nd5 f5 43. Nc7+ Kf6 44. Nxb5 Ne5 45. Nc3 Nd3 46. Nxa4 Nxf2 47. b4 Nxh3 48. b5 h4 49. gxh4 g4 50. b6 g3 51. b7 g2 52. b8=Q g1=Q 53. Qf8+ Ke6 54. Nc5# 1-0

[Event "Late-Titled-Tuesday-Blitz-January-23-2024"]
[Site "Chess.com"]
[Date "2024.01.23"]
[Round "10"]
[White "traviscottofficial"]
[Black "Bkmzzzzz"]
[Result "0-1"]
[WhiteElo "2513"]
[BlackElo "2428"]
[TimeControl "180+1"]
[EndTime "15:52:54 PST"]
[Termination "Bkmzzzzz won by checkmate"]

1. d4 d5 2. c4 dxc4 3. Nf3 a6 4. a4 Nf6 5. Nc3 e6 6. e3 c5 7. Bxc4 Nc6 8. O-O Be7 9. b3 O-O 10.
Bb2 cxd4 11. Nxd4 Nxd4 12. Qxd4 Qxd4 13. exd4 Rd8 14. Rad1 b6 15. Rfe1 Bb4 16. d5 exd5 17.
Bxd5 Nxd5 18. Rxd5 Be6 19. Rxd8+ Rxd8 20. Re4 a5 21. h3 Bxb3 22. Rg4 Rd2 23. Ba1 f6 24. Kh2 Bd6+ 25. f4 h5 26. Rh4 g5 27. Rxh5 Bxf4+ 28. Kg1 Bf7 29. Rh6 Kg7 30. Rxf6 Kxf6 31. Ne4+ Kf5 32.
Nxd2 Bxd2 33. Bd4 Bb3 34. Bxb6 Bxa4 35. g4+ Ke4 36. Kf2 Bd1 37. Kg3 a4 38. Bc5 Be3 39. Be7 Bf4+ 40. Kg2 Bf3+ 41. Kf2 Bd1 42. h4 gxh4 43.
Bxh4 a3 44. Bf6 Be5 45. Bxe5 Kxe5 46. g5 a2 47. g6 a1=Q 48. g7 Qa8 49. Ke1 Qg8 50.
Kxd1 Qxg7 51. Ke2 Qg3 52. Kd2 Kd4 53. Ke2 Qg2+ 54. Kd1 Kd3 55. Ke1 Qg1# 0-1

[Event "Late-Titled-Tuesday-Blitz-January-23-2024"]
[Site "Chess.com"]
[Date "2024.01.23"]
[Round "10"]
[White "xakevicius91"]
[Black "sergeikim"]
[Result "0-1"]
[WhiteElo "2550"]
[BlackElo "2437"]
[TimeControl "180+1"]
[EndTime "15:52:56 PST"]
[Termination "sergeikim won by resignation"]

1. c4 Nf6 2. e3 g6 3. b3 Bg7 4. Bb2 d6 5. d3 O-O 6. Nd2 e5 7. Qc2 Nc6 8. a3 a5 9. Be2 Be6 10. Ngf3 h6 11. Ne4 Nxe4 12. dxe4 f5 13. Nd2 f4 14.
exf4 Rxf4 15. g3 Rf7 16. Nf1 Qf6 17. f3 h5 18. O-O-O Nd4 19. Bxd4 exd4 20. Qd3 c5 21. a4 b5 22. cxb5 c4 23. bxc4 Rc7 24. Nd2 Rac8 25. f4 Bxc4 26. Nxc4 Rxc4+ 27. Qxc4+ Rxc4+ 28. Bxc4+ Kh7 29. Rd3 d5 30. Bxd5 Qe7 31. Rb3 d3 32. Rxd3 Qc5+ 33. Kb1 Qb4+ 34. Bb3 Qxe4 35. Rd1 Qg2 36.
R1d2 Qg1+ 37. Kc2 Qc5+ 38. Kb1 Qg1+ 39. Bd1 Qc5 40. Rb3 Qf5+ 41. Bc2 Qf6 42. Kc1 Qa1+ 43. Bb1 Qxa4 44. Rdd3 Qc4+ 45. Kd1 a4 46. Ra3 Bb2 47. Rd7+ Kh6 48. Rad3 Qc1+ 49. Ke2 Qxb1 50. b6 Qc2+ 51.
Kf3 Qc6+ 52. R3d5 Qxb6 53. R7d6 Qb3+ 54. Rd3 Qb4 55. f5 Qb7+ 56. Kf2 Qa7+ 57. Kf3 Qb7+ 58. Kf2 Qa7+ 59. Ke2 Qe7+ 60. Re6 Qc7 61. Rxg6+ Kh7 62.
Rgd6 Bg7 63. f6 Qc2+ 64. Kf3 Bf8 65. f7 Bxd6 66. Rxd6 Qb3+ 67. Kf4 Qxf7+ 68. Kg5 a3 69. Ra6 a2 70. Kh4 Qe7+ 71. Kxh5 Qe5+ 72. Kg4 a1=Q 73.
Rxa1 Qxa1 74. h4 Qa4+ 75. Kh3 Kg6 76. g4 Qb3+ 77. Kg2 Qe3 78. Kh2 Qf3 79. h5+ Kg5 80.
h6 Qxg4 0-1

[Event "Late-Titled-Tuesday-Blitz-January-23-2024"]
[Site "Chess.com"]
[Date "2024.01.23"]
[Round "10"]
[White "SergioMoralesG"]
[Black "ritanovikova"]
[Result "1-0"]
[WhiteElo "2445"]
[BlackElo "2197"]
[TimeControl "180+1"]
[EndTime "15:53:04 PST"]
[Termination "SergioMoralesG won by checkmate"]

1. d4 g6 2. c4 Bg7 3. Nf3 d6 4. Nc3 Nf6 5. e4 c6 6. Be2 a6 7. O-O O-O 8. Qc2 Qc7 9. b4 Nbd7 10. a4 e5 11. Rd1 Re8 12. a5 exd4 13. Nxd4 Ne5 14.
Bf4 Qe7 15. Na4 Bg4 16. f3 Be6 17. Nxe6 Qxe6 18. c5 Rad8 19. cxd6 Rxd6 20. Nc5 Rxd1+ 21. Rxd1 Qe7 22. Bxe5 Qxe5 23. Nxb7 Nh5 24. Bxa6 Re6 25. Bf1 Qc7 26. a6 Bh6 27. Rd8+ Kg7 28. Qc3+ Nf6 29.
a7 Qb6+ 30. Kh1 Qxa7 31. Nd6 Qf2 32. Qa1 Be3 33. Bc4 Bd4 34. Qd1 c5 35. Bxe6 fxe6 36. b5 Qh4 37. g3 Qh3 38. Ne8+ Kh6 39. Nxf6 Bxf6 40. Rd7 e5 41. Qd2+ Bg5 42. Qd1 Qe6 43.
Rd6 Qc4 44. b6 Qb4 45. h4 Be3 46. Kg2 c4 47. Kh3 Bd4 48. Qc1+ Kg7 49. Rd7+ Kf6 50. Qg5+ Ke6 51. Qd8 Qxb6 52. Qe8+ Kf6 53. Qf7# 1-0

[Event "Late-Titled-Tuesday-Blitz-January-23-2024"]
[Site "Chess.com"]
[Date "2024.01.23"]
[Round "10"]
[White "falzehope0"]
[Black "Manukyan_Artak"]
[Result "0-1"]
[WhiteElo "2405"]
[BlackElo "2521"]
[TimeControl "180+1"]
[EndTime "15:53:05 PST"]
[Termination "Manukyan_Artak won by resignation"]

1. d4 d5 2. e3 Nf6 3. Bd3 Bg4 4.
Ne2 e6 5. O-O c5 6. c3 Nc6 7. f4 Qb6 8. Nd2 g6 9. Nf3 Bg7 10. Ne5 Bxe2 11. Qxe2 O-O 12. g4 Rad8 13. Qf3 Nd7 14. g5 Ndxe5 15. fxe5 cxd4 16. cxd4 Rc8 17. b3 Nb4 18. Bb1 Nc2 19. Bxc2 Rxc2 20. Ba3 Rcc8 21.
Bxf8 Rxf8 22. Rac1 h5 23. gxh6 Bxh6 24. Rc2 Bg5 25.
Rg2 Bh6 26. h4 Qa6 27. h5 Qd3 28. Rg3 g5 29. Qf6 Kh7 30. Kh2 Qe4 31. Rff3 g4 32.
Rf4 Bxf4 33. Qxf4 Qxf4 34. exf4 Rc8 35. Rxg4 Rc2+ 36. Rg2 Rxg2+ 37. Kxg2 Kh6 38. f5 exf5 39. Kg3 Kxh5 40. Kf4 Kg6 41. b4 b5 42. Kf3 Kg5 43. Kg3 f4+ 44. Kf3 Kf5 45. a3 a6 46. Kf2 Ke4 47. Ke2 Kxd4 48. Kf3 Kxe5 49. Ke2 Ke4 50. Kd2 f3 51. Kd1 d4 52. Kd2 d3 53. Kd1 Ke3 54. Ke1 d2+ 55. Kd1 f2 56. Kc2 f1=Q 57.
Kb2 d1=Q 58. a4 Qfe2+ 0-1

[Event "Late-Titled-Tuesday-Blitz-January-23-2024"]
[Site "Chess.com"]
[Date "2024.01.23"]
[Round "10"]
[White "Cubitas"]
[Black "JoakimVonAnd"]
[Result "1/2-1/2"]
[WhiteElo "2725"]
[BlackElo "2634"]
[TimeControl "180+1"]
[EndTime "15:53:07 PST"]
[Termination "Game drawn by repetition"]

1. e4 c6 2. d4 d5 3. e5 Bf5 4.
Nf3 e6 5. Be2 Ne7 6. a3 Nd7 7. O-O h6 8. Nbd2 g5 9. Nb3 Ng6 10. Ne1 Nf4 11. Bxf4 gxf4 12. Bd3 Qg5 13. Bxf5 Qxf5 14. Qf3 f6 15. exf6 Nxf6 16. Nd3 Bd6 17.
Rae1 O-O-O 18. Ne5 Ne4 19. Qd3 Rdg8 20. Qe2 Rg7 21. f3 Rhg8 22. fxe4 Rxg2+ 23. Qxg2 Rxg2+ 24. Kxg2 dxe4 25. Nd2 e3 26. Ndf3 Qxc2+ 27. Kh1 Qxb2 28. Rg1 Bxe5 29. dxe5 Qb3 30. Rg7 Qd5 31. Kg2 Qa2+ 32. Kh3 Qf2 33. Rg8+ Kc7 34. Rg7+ Kb6 35. Rb1+ Kc5 36.
Ne1 Qf1+ 37. Kh4 f3 38. Rg1 Qf2+ 39. Rg3 Qxh2+ 40. Kg4 f2 41. Nf3 h5+ 42. Kf4 e2 43.
Rc1+ Kb6 44. Rb1+ Ka6 45. Nxh2 e1=Q 46. Rb4 f1=Q+ 47. Nxf1 Qxf1+ 48. Rf3 Qc1+ 49. Kg3 Qg5+ 50. Kh3 Qxe5 51. Rfb3 b5 52. a4 Qf5+ 53. Kh4 Qf6+ 54. Kxh5 Qf5+ 55. Kh4 Qf6+ 56. Kh5 Qf7+ 57. Kh4 Qf6+ 58.
Kh5 1/2-1/2

[Event "Late-Titled-Tuesday-Blitz-January-23-2024"]
[Site "Chess.com"]
[Date "2024.01.23"]
[Round "10"]
[White "GothamChess"]
[Black "annasargsyan_m"]
[Result "1-0"]
[WhiteElo "2759"]
[BlackElo "2534"]
[TimeControl "180+1"]
[EndTime "15:53:07 PST"]
[Termination "GothamChess won by resignation"]

1. e4 e5 2. Nc3 Nc6 3. Bc4 Nf6 4. d3 Bc5 5. f4 d6 6. Nf3 O-O 7. f5 Nd4 8. Bg5 c6 9. Bb3 a5 10. a4 Nxb3 11. cxb3 Qb6 12. Nd2 Nd7 13. Nc4 Qc7 14. f6 Nxf6 15. Bxf6 gxf6 16. Qf3 Qe7 17. Ne3 Kh8 18. O-O-O Rg8 19. g3 Be6 20. Kc2 b5 21. Rhf1 bxa4 22. bxa4 Rab8 23. Nc4 Bg4 24. Qxf6+ Qxf6 25. Rxf6 Bxd1+ 26. Nxd1 Kg7 27. Rf3 f6 28. Nxa5 Ra8 29.
Nxc6 Rxa4 30. Nc3 Ra1 31. Ne7 Rb8 32. Ned5 Rf8 33. Nc7 Kg6 34. N7d5 Rh1 35. h4 Rh2+ 36. Kb3 Rb8+ 37. Kc4 Rhxb2 38. Nxf6 Kg7 39. Nh5+ Kg6 40. Nf6 R2b4+ 41. Kd5 Rd4+ 42. Ke6 Rf8 43. Ncd5 Kg7 44. Nh5+ Kh6 45. Rxf8 Kxh5 46. Rf3 Kg4 47. Rf7 h5 48. Rg7+ Kh3 49. Nf6 Rxd3 50. Nxh5 Re3 51. Kd5 Rd3+ 52.
Ke6 Re3 53. Nf6 Rxg3 54. Rxg3+ Kxg3 55. h5 Be3 56. Kxd6 Bf4 57. Ke6 Kf3 58. Kf5 Ke3 59.
Ng4+ Kd4 60. h6 Bxh6 61. Nxh6 1-0

[Event "Late-Titled-Tuesday-Blitz-January-23-2024"]
[Site "Chess.com"]
[Date "2024.01.23"]
[Round "10"]
[White "jcmesafischer"]
[Black "LUISMIGUELOV"]
[Result "1-0"]
[WhiteElo "2358"]
[BlackElo "2184"]
[TimeControl "180+1"]
[EndTime "15:53:12 PST"]
[Termination "jcmesafischer won on time"]

1. e4 c6 2. Nc3 d5 3. Nf3 Nf6 4. Qe2 dxe4 5. Nxe4 Bg4 6. Nxf6+ gxf6 7. g3 Nd7 8. Bg2 Ne5 9. O-O Qd5 10. Nxe5 Bxe2 11. Bxd5 cxd5 12. Re1 fxe5 13. Rxe2 e4 14. d3 exd3 15.
cxd3 O-O-O 16. Bf4 Kd7 17. Rc1 Rc8 18. Rxc8 Kxc8 19.
Rc2+ Kd8 20. Rc7 b6 21. Rxa7 Bg7 22. Ra8+ Kd7 23. Rxh8 Bxh8 24. b3 Kc6 25. Kf1 Kb5 26. Bd2 e5 27. Ke2 f5 28. Kd1 h5 29. Kc2 Bf6 30.
a4+ Kc6 31. b4 e4 32. Bc1 h4 33. dxe4 dxe4 34. Be3 hxg3 35. fxg3 Be5 36. Bf4 Bd4 37. h4 Kd5 38. h5 Kc4 39. Bd2 e3 40. Be1 Bg7 41.
a5 bxa5 42. bxa5 Kb5 43. Kd3 Bh6 44. Ke2 f4 45. g4 Bg5 46. Kf3 Ka6 47. Bc3 Kb5 48.
Bg7 Kxa5 49. h6 Bxh6 50. Bxh6 Kb5 51. Bxf4 e2 52. Kxe2 Kc6 53. g5 Kd5 54. Kf3 Ke6 55. Kg4 Kf7 56. Kh5 Kg7 57. Be5+ Kh7 58. g6+ Kg8 59. Kh6 Kf8 60. Kh7 1-0

[Event "Late-Titled-Tuesday-Blitz-January-23-2024"]
[Site "Chess.com"]
[Date "2024.01.23"]
[Round "10"]
[White "FairChess_on_YouTube"]
[Black "Hikaru"]
[Result "1/2-1/2"]
[WhiteElo "3098"]
[BlackElo "3278"]
[TimeControl "180+1"]
[EndTime "15:53:15 PST"]
[Termination "Game drawn - insufficient material"]

1. d4 Nf6 2. c4 b6 3. Nf3 Bb7 4.
Nc3 d5 5. Bf4 e6 6. e3 a6 7. Rc1 Nbd7 8. cxd5 exd5 9. Bd3 Be7 10. O-O O-O 11. a4 c5 12. b3 Re8 13. Bf5 Nf8 14. Ne5 Bd6 15. Qf3 Ne6 16. Bxe6 Rxe6 17. Nd3 Bf8 18. Bg5 h6 19. Bh4 g5 20. Bg3 Ne4 21. Rfd1 Bg7 22. Be5 f6 23. Bg3 cxd4 24. exd4 Rc8 25. Qf5 Qd7 26. Nxe4 dxe4 27. Rxc8+ Bxc8 28. Nb4 a5 29. d5 Re8 30. Qxd7 Bxd7 31. Nc6 Bf8 32. Bc7 Bc5 33. Nb8 Bg4 34. Re1 e3 35. fxe3 Rxe3 36. Rxe3 Bxe3+ 37. Kf1 Kf7 38. d6 Ke8 39. h3 Be6 40. Ke2 Bg1 41. Kd3 f5 42.
g3 h5 43. h4 gxh4 44. gxh4 Bf2 45. Ke2 Bc5 46. Kf3 Bd4 47. Kf4 Bf6 48. Bxb6 Bxh4 49. Bxa5 Bf6 50. d7+ Bxd7 51. Nxd7 Kxd7 52. Kxf5 Be7 53.
Bd2 Kc6 54. Ke4 h4 55. Kf3 Kc5 56. Kg4 Kd4 57. Be1 Kd3 58. Bxh4 Bb4 59. Kf3 Kc2 60. Be7 Kxb3 61. Ke4 Kxa4 1/2-1/2

[Event "Late-Titled-Tuesday-Blitz-January-23-2024"]
[Site "Chess.com"]
[Date "2024.01.23"]
[Round "10"]
[White "Nouali_Mohamed"]
[Black "Eloist"]
[Result "1-0"]
[WhiteElo "2544"]
[BlackElo "2428"]
[TimeControl "180+1"]
[EndTime "15:53:15 PST"]
[Termination "Nouali_Mohamed won on time"]

1. e4 e6 2. d4 d5 3. Nc3 Nf6 4. Bg5 dxe4 5. Nxe4 Be7 6. Bxf6 gxf6 7. Nf3 f5 8. Nc3 a6 9. g3 b5 10. Bg2 Bb7 11.
O-O O-O 12. Qd2 c5 13. Qh6 cxd4 14. Rad1 Bf6 15. Nxd4 Bg7 16. Qe3 Qb6 17. Nxf5 Qxe3 18. Nxe3 Bxg2 19. Kxg2 Nc6 20. Rd6 Rac8 21. Rfd1 Be5 22.
Rd7 Nb8 23. R7d3 Rc7 24. Ne4 Bxb2 25. Nd6 Be5 26. c4 Bxd6 27. Rxd6 bxc4 28. Rc1 c3 29.
Rc2 Rfc8 30. Rd3 Kf8 31. Nd1 Ke7 32. Rdxc3 Rxc3 33. Rxc3 Rxc3 34. Nxc3 Kd6 35. Kf3 Kc5 36. Kf4 Kb4 37. Ne4 Ka3 38. Nd6 f6 39. Ne8 Nd7 40. Nc7 e5+ 41. Kf5 Kxa2 42. Nxa6 Kb3 43. Ke6 Nb6 44.
Kxf6 e4 45. Nc5+ Kc4 46. Nxe4 Kd3 47. Ng5 h6 48. Nf7 Ke2 49. f4 Kf3 50. Nxh6 Nd5+ 51. Kg5 Ne3 52. f5 1-0

[Event "Late-Titled-Tuesday-Blitz-January-23-2024"]
[Site "Chess.com"]
[Date "2024.01.23"]
[Round "10"]
[White "Roedor"]
[Black "jjbolanos"]
[Result "1/2-1/2"]
[WhiteElo "2328"]
[BlackElo "2171"]
[TimeControl "180+1"]
[EndTime "15:53:15 PST"]
[Termination "Game drawn by repetition"]

1. c4 Nf6 2. g3 e6 3. Bg2 d5 4. Nf3 Be7 5. O-O O-O 6. d4 dxc4 7. Qc2 a6 8. a4 Bd7 9. Qxc4 Bc6 10. Bg5 Bd5 11. Qc1 h6 12. Bxf6 Bxf6 13. Rd1 Bxf3 14.
Bxf3 c6 15. Kg2 a5 16. Nc3 Na6 17. Ne4 Nb4 18. e3 Rc8 19. h4 b5 20. Qd2 Be7 21. h5 Qb6 22. Nc3 Rfd8 23. Qe2 Bf6 24. axb5 c5 25.
Ne4 cxd4 26. Nxf6+ gxf6 27. exd4 Rxd4 28. Rxd4 Qxd4 29. Rxa5 Rc2 30. Ra8+ Kg7 31. Qf1 Nd3 32. Be2 Qe4+ 33. Bf3 Qd4 34. Be2 Ne5 35. Ra3 Qe4+ 36.
Bf3 Nxf3 37. Rxf3 Rxb2 38. Qd3 Qxd3 39. Rxd3 Rxb5 40. g4 f5 41. f3 f4 42. Rd7 Kf6 43. Rd8 Rb2+ 44. Kh3 Rf2 45. Kh4 Rxf3 46. Rh8 Kg7 47.
Re8 Rf1 48. g5 Rh1+ 49. Kg4 Rg1+ 50. Kxf4 Rxg5 51. Ra8 Rxh5 52. Kg4 Rb5 53. Kh4 Rb4+ 54. Kh5 Rb5+ 55. Kh4 Kf6 56. Rh8 Rb4+ 57. Kh5 Rb5+ 58. Kh4 Kg7 59. Ra8 1/2-1/2

[Event "Late-Titled-Tuesday-Blitz-January-23-2024"]
[Site "Chess.com"]
[Date "2024.01.23"]
[Round "10"]
[White "Goryachkina"]
[Black "Byniolus"]
[Result "0-1"]
[WhiteElo "2686"]
[BlackElo "2852"]
[TimeControl "180+1"]
[EndTime "15:53:17 PST"]
[Termination "Byniolus won on time"]

1. e4 d6 2. d4 Nf6 3. Nc3 c6 4. Nf3 Bg4 5. h3 Bh5 6. Bd3 e6 7. g4 Bg6 8. Be3 d5 9. e5 Nfd7 10. h4 c5 11. h5 Bxd3 12. Qxd3 Nc6 13. O-O-O cxd4 14. Bxd4 Nxd4 15. Qxd4 Bc5 16. Qf4 h6 17.
Kb1 Qb6 18. Nd4 Bxd4 19. Rxd4 Rc8 20. Rh3 a6 21. a3 Qc7 22. Re3 Nb6 23. b3 Qe7 24. Kb2 O-O 25. Rg3 Qg5 26. Qxg5 hxg5 27. f4 gxf4 28. Rxf4 Rc7 29. Ne2 Nd7 30. Re3 Rfc8 31.
Nd4 Nc5 32. g5 Ne4 33. g6 f6 34. exf6 gxf6 35. Re2 e5 36. Rfxe4 dxe4 37. Nf5 Rd8 38. h6 e3 39. h7+ Kh8 40. Rxe3 Rd2 41. Rc3 Rxc3 42. Kxc3 Rg2 43. Ne7 f5 44. Kd3 Rg3+ 45. Ke2 f4 46. c4 e4 47. c5 Rxb3 48. Nf5 Rb2+ 49. Kf1 e3 50. Nh6 Rh2 51. Nf7+ Kg7 52. h8=Q+ Rxh8 53. Nxh8 Kxh8 0-1

[Event "Late-Titled-Tuesday-Blitz-January-23-2024"]
[Site "Chess.com"]
[Date "2024.01.23"]
[Round "10"]
[White "GoltsevDmitry2000"]
[Black "brm72"]
[Result "1-0"]
[WhiteElo "2828"]
[BlackElo "2678"]
[TimeControl "180+1"]
[EndTime "15:53:19 PST"]
[Termination "GoltsevDmitry2000 won by resignation"]

1. e4 c5 2. Nf3 Nc6 3. d4 cxd4 4. Nxd4 Nf6 5. Nc3 e6 6. Be2 Bc5 7. Nb3 Be7 8. O-O O-O 9. Be3 b6 10. Qd2 Bb7 11. Rad1 d6 12. Bg5 a6 13. Bxf6 Bxf6 14. Qxd6 Qc8 15. Na4 Bd8 16. Bf3 Bc7 17. Qd2 Ne5 18. Qe3 Qb8 19. Be2 Bc6 20. Nc3 Ng6 21.
g3 b5 22. Nd4 Bb7 23. a3 Bb6 24. Qg5 h6 25. Qh5 Qe8 26. Nf3 Rc8 27. Rd2 Qe7 28. Rfd1 Rc7 29. Bf1 Rfc8 30. Bg2 Bc6 31. Nd5 Bxd5 32.
exd5 Rxc2 33. dxe6 Qxe6 34. Bh3 Rxd2 35. Nxd2 Bxf2+ 36. Kxf2 Qb6+ 37. Kf1 Rd8 38. Qe2 Rd6 39. Ne4 Rc6 40.
Bg2 b4 41. Qf2 Qb5+ 42. Kg1 bxa3 43. bxa3 Rc8 44. h4 Qb3 45. Rf1 Ne5 46. Nd6 Rd8 47. Nf5 Rd3 48. Qf4 Ng6 49. Qf2 Qxa3 50. Be4 Rc3 51.
Nxh6+ Kh7 52. Nf5 Rb3 53. h5 Qc5 54. hxg6+ fxg6 55. Qxc5 gxf5 56. Qf2 fxe4 57. Kg2 e3 58. Rh1+ Kg6 59. Qc2+ 1-0

[Event "Late-Titled-Tuesday-Blitz-January-23-2024"]
[Site "Chess.com"]
[Date "2024.01.23"]
[Round "10"]
[White "Noki102"]
[Black "karinachess1"]
[Result "0-1"]
[WhiteElo "2436"]
[BlackElo "2603"]
[TimeControl "180+1"]
[EndTime "15:53:19 PST"]
[Termination "karinachess1 won by resignation"]

1. e3 e5 2. Nc3 d5 3. Qh5 Nc6 4. Bb5 Qd6 5. Nf3 e4 6. Qe5+ Be6 7.
Qxd6 Bxd6 8. Nd4 Ne7 9. b3 O-O 10. Nxe6 fxe6 11. Bb2 Be5 12. f4 exf3 13. gxf3 Rxf3 14.
Be2 Rf7 15. Bg4 Rf6 16. O-O-O Raf8 17. Ne2 Bxb2+ 18. Kxb2 e5 19. c4 d4 20. Ng3 dxe3 21. dxe3 Rf2+ 22. Ka3 a5 23. Ne4 Rg2 24. Be6+ Kh8 25.
Rhf1 Rxf1 26. Rxf1 h6 27. Rf2 Rxf2 28. Nxf2 Kh7 29. Ka4 Kg6 30. Ne4 Kh5 31. a3 g5 32.
Nc5 Nd8 33. Bd7 g4 34. Ne4 Kh4 35. Nf2 h5 36. Kxa5 g3 37. hxg3+ Kxg3 38. Nd3 h4 39.
Nxe5 Nec6+ 40. Nxc6 Nxc6+ 41. Ka4 Ne5 42. Bc8 h3 43.
Bxh3 Kxh3 44. b4 Nxc4 45. e4 Kg4 46. Kb5 Nd6+ 47. Kc5 Nxe4+ 48. Kd5 Kf5 49. b5 Nf6+ 50. Kc5 Ke6 51. a4 Nd7+ 52. Kd4 Kd6 53. a5 Nc5 54. Kc4 Nd7 55. a6 Nb6+ 56. Kb4 bxa6 57. bxa6 Kc6 58. Ka5 Na8 59. a7 Kb7 60. Kb5 Kxa7 61. Kc6 Kb8 62. Kc5 Kb7 63. Kb5 c6+ 64. Kc5 Kc7 0-1